 Dungeon Crawl Stone Soup version 0.31.0-12-g77e489cdc1 (webtiles) character file.

Game seed: 14064973280499179019

165 Gadfly the Insei (level 5, 0/41 HPs)
             Began as a Demonspawn Monk on Feb 12, 2024.
             Killed by nerve-wracking pain
             ... invoked by Grinder
              (9 damage)
             ... on level 4 of the Dungeon.
             The game lasted 00:06:55 (3177 turns).

Gadfly the Insei (Demonspawn Monk)                  Turns: 3177, Time: 00:06:55

Health: 0/41       AC:  2    Str: 13    XL:     5   Next: 21%
Magic:  5/5        EV: 13    Int: 11    God:
Gold:   111        SH:  0    Dex: 15    Spells: 0/4 levels left

rFire   . .          .
                       - Unarmed
rCold   . . .        (no shield)
rNeg    . . .        a - +0 robe
rPois   .            (helmet restricted)
rElec   .            (no cloak)
rCorr   .            (no gloves)
SInv    +            (no boots)
Will    .....        (no amulet)
Stlth   +            k - ring of see invisible
HPRegen 0.26/turn    (no ring)
MPRegen 0.09/turn

%: no passive effects
@: no status effects
A: antennae 1, claws 1, foul stench 2
a: no special abilities


You were on level 4 of the Dungeon.
You visited 1 branch of the dungeon, and saw 4 of its levels.

You collected 111 gold pieces.

Inventory:

Hand Weapons
 g - a +1 heavy hand axe
 n - a +0 scimitar
Armour
 a - a +0 robe (worn)
 c - an orb of light
Jewellery
 k - a ring of see invisible (left claw)
Talismans
 d - a maw talisman
Scrolls
 e - 3 scrolls of teleportation
 j - 3 scrolls of identify
Potions
 b - a potion of ambrosia
 f - 2 potions of attraction
 h - a potion of curing
 i - 4 potions of haste
 l - a potion of might


   Skills:
 - Level 3.0 Fighting
 + Level 3.2 Dodging
 * Level 3.6 Unarmed Combat
 * Level 2.5 Evocations
 * Level 1.9 Shapeshifting


You couldn't memorise any spells.
You knew the following spells:

 Your Spells              Type           Power      Damage    Failure   Level
a - Apportation           Tloc           0%         N/A       34%         1
b - Ozocubu's Armour      Ice            0%         N/A       71%         3

Your spell library contained the following spells:

 Spells                   Type           Power      Damage    Failure   Level
 Necrotise                Necr           0%         1d4       34%         1
 Sting                    Conj/Alch      0%         1d3       34%         1
 Summon Small Mammal      Summ           0%         N/A       34%         1
 Metabolic Englaciation   Hex/Ice        0%         N/A       100%        5
 Sculpt Simulacrum        Ice/Alch       0%         N/A       100%        6


Dungeon Overview and Level Annotations

Branches:
Dungeon (4/15)
 Temple: D:4-7

Altars:
Makhleb

Annotations:
D:4 Grinder


Innate Abilities, Weirdness & Mutations

You have a pair of small antennae on your head.
You have sharp fingernails.
You sometimes emit foul miasma when damaged in melee.


Message History

Grinder hits you!
You writhe in agony.
You are too injured to fight recklessly!
You are too injured to fight recklessly!
You are too injured to fight recklessly!
You are too injured to fight recklessly!
You are too injured to fight recklessly!
You are too injured to fight recklessly!
Unknown command.
You are confused.
You feel invigorated. Grinder hits you.
You writhe in agony.
* * * LOW HITPOINT WARNING * * *
You're too confused to move!
Grinder hits you.
* * * LOW HITPOINT WARNING * * *
You emit a cloud of foul miasma!
You barely miss Grinder. Grinder gestures at you.
You resist with significant effort.
You scratch Grinder.
Grinder is lightly wounded.
Grinder hits you but does no damage.
You feel less invigorated.
You feel less confused.
You closely miss Grinder.
Grinder is lightly wounded.
Grinder hits you.
You writhe in agony.
* * * LOW HITPOINT WARNING * * *
You scratch Grinder.
Grinder is lightly wounded.
Grinder hits you.
* * * LOW HITPOINT WARNING * * *
You writhe in agony.
* * * LOW HITPOINT WARNING * * *
You scratch Grinder.
Grinder is moderately wounded.
Grinder sighs, "No one appreciates my work."
Grinder blinks!
Grinder gestures at you. Pain shoots through your body!
You die...
Grinder says, "Now the real fun starts!"

#..............
#..............
#..............
###..##..##....
#.###...### # ...
##.#...##
.........##..#
...######...5..###
### ######.@○#
###....# ...##
####


You could see Grinder.

Vanquished Creatures
  9 adders
  4 ribbon worms
  A dart slug (D:2)
  5 orcs (D:3)
  7 bats
  7 endoplasms
  2 giant cockroaches (D:3)
  10 hobgoblins
  5 jackals
  4 kobolds
  A quokka (D:3)
  5 frilled lizards
  3 goblins
  5 rats
68 creatures vanquished.

Notes
Turn   | Place    | Note
-------+----------+-------------------------------------------
     0 | D:1      | Gadfly the Demonspawn Monk began the quest for the Orb.
     0 | D:1      | Reached XP level 1. HP: 18/18 MP: 1/1
   170 | D:1      | Discovered your monstrous ancestry.
   170 | D:1      | Gained mutation: You have sharp fingernails. [demonic
                  | ancestry]
   170 | D:1      | Reached XP level 2. HP: 24/24 MP: 2/2
   412 | D:1      | Found a faded altar of an unknown god.
   421 | D:1      | Reached skill level 1 in Evocations
  1033 | D:2      | Reached skill level 1 in Shapeshifting
  1033 | D:2      | Gained mutation: You may rarely emit foul miasma when
                  | damaged in melee. [demonic ancestry]
  1033 | D:2      | Reached XP level 3. HP: 19/29 MP: 3/3
  1164 | D:2      | Learned a level 1 spell: Apportation
  1337 | D:2      | Gained mutation: You have a pair of small antennae on your
                  | head. [demonic ancestry]
  1337 | D:2      | Reached XP level 4. HP: 33/35 MP: 4/4
  2099 | D:3      | Found a burning altar of Makhleb.
  2488 | D:3      | Gained mutation: You sometimes emit foul miasma when
                  | damaged in melee. [demonic ancestry]
  2488 | D:3      | Reached XP level 5. HP: 41/41 MP: 5/5
  2952 | D:3      | Learned a level 3 spell: Ozocubu's Armour
  3163 | D:4      | Noticed Grinder
  3177 | D:4      | Killed from afar by Grinder

Illustrated notes

Levels and vault maps discovered:
D:1:      dpeg_arrival_rooms_a, layout_basic, hellmonk_ecumenical_altar_zigzags,
          dreamdust_mushroom_princess, roderic_serpentine_path, minmay_cupped
D:2:      layout_basic
D:3:      layout_basic, mainiacjoe_overflow_24_doors,
          mainiacjoe_overflow_small_starburst, minmay_misc_feat_columns
D:4:      layout_rooms, nemelex_diamond_rough_becter,
          chequers_temple_overflow_minitemple, kennysheep_another_room,
          uniq_grinder

Skill      XL: |  1  2  3  4 |
---------------+-------------+-----
Evocations     | 1 2 |  2.5
Unarmed Combat | 3 |  3.6
Shapeshifting  | 1 |  1.9
Dodging        | 3 |  3.2
Fighting       | |  3.0

Action                     |  1- 3 |  4- 6 || total
---------------------------+-------+-------++-------
  Melee: Unarmed           |    86 |   101 ||   187
    Use: Scroll            |     5 |     3 ||     8
         Potion            |       |     3 ||     3
   Stab: Sleeping          |       |     2 ||     2
 Armour: Robe              |    35 |    44 ||    79
  Dodge: Dodged            |    46 |    48 ||    94
